 Dungeon Crawl Stone Soup version 0.22-a0-433-gd2a9cce (webtiles) character file.

58 suicidejoker the Slasher (level 4, 0/27 HPs)
             Began as a Gargoyle Gladiator on May 27, 2018.
             Slain by Terence
             ... wielding a +4 falchion of flaming
              (2 damage)
             ... on level 2 of the Dungeon.
             The game lasted 00:02:59 (1334 turns).

suicidejoker the Slasher (Gargoyle Gladiator)       Turns: 1334, Time: 00:02:59

Health: 0/27       AC:  7    Str: 17    XL:     4   Next: 2%
Magic:  4/4        EV: 12    Int:  9    God:
Gold:   123        SH:  0    Dex: 12    Spells: 3/3 levels left

rFire    . . .     SeeInvis .   a - +0 long sword
rCold    . . .     Gourm    .   (no shield)
rNeg     + . .     Faith    .   b - +0 leather armour
rPois    ∞         Spirit   .   j - +0 helmet
rElec    +         Reflect  .   (no cloak)
rCorr    .         Harm     .   (no gloves)
MR       +....                  (no boots)
Stlth    +.........             (no amulet)
HPRegen  0.09/turn              g - ring of protection from magic
MPRegen  0.09/turn              (no ring)

@: no status effects
A: negative energy resistance 1, electricity resistance, unbreathing,
petrification resistance, rot immunity, AC +3
a: no special abilities


You were on level 2 of the Dungeon.
You were not hungry.

You visited 1 branch of the dungeon, and saw 2 of its levels.

You collected 123 gold pieces.

Inventory:

Hand Weapons
 a - a +0 long sword (weapon)
Missiles
 c - 20 stones
 d - 3 throwing nets (quivered)
 i - 42 bolts
 m - 21 arrows
Armour
 b - a +0 leather armour (worn)
 j - a +0 helmet (worn)
Jewellery
 g - a ring of protection from magic (left hand)
Scrolls
 h - 2 scrolls of remove curse {unknown}
Potions
 k - 2 potions of heal wounds {unknown}
Comestibles
 f - 3 rations
 l - 2 chunks of flesh


   Skills:
 + Level 2.5 Fighting
 * Level 3.3 Long Blades
 - Level 1.7 Throwing
 + Level 1.2 Armour
 * Level 2.8 Dodging
 + Level 1.3 Stealth


You had 3 spell levels left.
You didn't know any spells.
Your spell library contained the following spells:

 Spells                   Type           Power        Failure   Level  Hunger
 Confuse                  Hex            #.......     82%         3    ####...
 Confusing Touch          Hex            #.....       43%         1    ##.....
 Metabolic Englaciation   Hex/Ice        #.........   100%        5    ######.
 Petrify                  Tmut/Erth      #.......     99%         4    #####..
 Gell's Gravitas          Tloc           #.........   82%         3    ####...
 Yara's Violent Unravell  Hex/Tmut       #.........   100%        5    ######.


Dungeon Overview and Level Annotations

Branches:
Dungeon (2/15)

Altars:

Annotations:
D:2 Terence


Innate Abilities, Weirdness & Mutations

You are resistant to torment.
Your stone body is resilient. (AC +3)
You are immune to poison.
You resist negative energy. (rN+)
You are resistant to electric shocks. (rElec)
You can survive without breathing.
You are immune to petrification.
You are immune to rotting.


Message History

Terence hits you with a falchion of flaming!
Terence burns you.
You hit Terence.
Terence is almost dead.
Terence closely misses you.
You hit Terence but do no damage.
Terence is almost dead.
Terence hits you but does no damage.
You barely miss Terence.
Terence is almost dead.
Terence hits you with a falchion of flaming.
* * * LOW HITPOINT WARNING * * *
Terence burns you.
* * * LOW HITPOINT WARNING * * *
You hit Terence but do no damage.
Terence is almost dead.
Terence hits you with a falchion of flaming.
* * * LOW HITPOINT WARNING * * *
Terence burns you.
You die...

# ##)#..#
.....##........... #.>..#
#....##...........
##...###.#....##...........
#.......#....##...........
#...#####....#############
#...# #....# #...#####....#
#......##....#
#..#.####@@..# #....#
#..(.# #..### #....#
##.######..(.#
#.##........# #.##.###....#
#....# ###### ######


You could see Terence.

Vanquished Creatures
  An adder (D:2)
  A worm (D:2)
  A leopard gecko (D:2)
  3 bats
  2 giant cockroaches
  7 goblins
  6 hobgoblins
  3 jackals (D:1)
  A quokka (D:2)
  3 frilled lizards
  9 kobolds
  5 rats
42 creatures vanquished.

Notes
Turn   | Place    | Note
-------+----------+-------------------------------------------
     0 | D:1      | suicidejoker the Gargoyle Gladiator began the quest for the Orb.
     0 | D:1      | Reached XP level 1. HP: 12/12 MP: 1/1
    38 | D:1      | Reached XP level 2. HP: 17/17 MP: 2/2
    63 | D:1      | Reached skill level 1 in Stealth
   354 | D:1      | Reached skill level 3 in Long Blades
   383 | D:1      | Reached XP level 3. HP: 17/22 MP: 3/3
   991 | D:2      | Reached skill level 1 in Armour
  1289 | D:2      | Reached XP level 4. HP: 27/27 MP: 4/4
  1310 | D:2      | Noticed Terence
  1334 | D:2      | Slain by Terence

Vault maps used:
D:1:      scummos_arrival_simple_crosswalls
D:2:      lemuel_upstairs_altar, overflow_temple_1_default, uniq_terence

Skill      XL: |  1  2  3 |
---------------+----------+-----
Stealth        | 1 |  1.3
Long Blades    | 3 |  3.3
Armour         | 1 |  1.2
Fighting       | |  2.5
Throwing       | |  1.7
Dodging        | |  2.8

Action                   |  1- 3 |  4- 6 || total
-------------------------+-------+-------++-------
Melee: Long sword        |   109 |    16 ||   125
  Use: Potion            |       |     1 ||     1
  Eat: Chunk             |     1 |     1 ||     2
Armor: Leather armour    |    66 |     4 ||    70
Dodge: Dodged            |    91 |     8 ||    99
       Rpst.: Long sword |    30 |       ||    30

Table legend:
 A = Spawn XP
 B = Non-spawn XP
 C = Spawn XP percentage of total XP
 D = Spawn monster count
 E = Non-spawn monster count
 F = Spawn count percentage of total count
 G = Total turns spent on level
                    A         B        C        D         E        F      G
               +---------+---------+-------+---------+---------+-------+---------
         Total |       0 |      84 |   0.0 |       0 |      42 |   0.0 |  1334
               +---------+---------+-------+---------+---------+-------+---------
           D:1 |       0 |      43 |   0.0 |       0 |      26 |   0.0 |   941
           D:2 |       0 |      41 |   0.0 |       0 |      16 |   0.0 |   393
               +---------+---------+-------+---------+---------+-------+---------
